 Dungeon Crawl Stone Soup version 0.21-a0-460-g737a915 (webtiles) character file.

2314 Inectha the Cleaver (level 9, -2/79 HPs)
             Began as a Minotaur Fighter on Nov 20, 2017.
             Was a Believer of the Shining One.
             Slain by a hornet (4 damage)
             ... on level 7 of the Dungeon.
             The game lasted 00:25:35 (5169 turns).

Inectha the Cleaver (Minotaur Fighter)              Turns: 5169, Time: 00:25:36

Health: -2/79      AC: -1    Str: 23    XL:     9   Next: 18%
Magic:  8/8        EV:  7    Int:  8    God:    the Shining One [**....]
Gold:   393        SH: 12    Dex: 11    Spells: 8/8 levels left

rFire    . . .     SeeInvis .   a - +1 war axe
rCold    . . .     Gourm    .   c - +1 shield
rNeg     + . .     Faith    .   g - +0 chain mail
rPois    .         Spirit   .   (helmet restricted)
rElec    .         Reflect  .   (no cloak)
rCorr    .         Harm     .   (no gloves)
MR       .....                  (no boots)
Stlth    ..........             (no amulet)
HPRegen  0.23/turn              v - +3 ring of intelligence
MPRegen  0.11/turn              (no ring)

@: corroded, slowed, glowing, very slow
A: retaliatory headbutt, horns 2
a: Divine Shield, Renounce Religion


You were on level 7 of the Dungeon.
You worshipped the Shining One.
The Shining One was pleased with you.
You were not hungry.

You visited 2 branches of the dungeon, and saw 8 of its levels.
You also visited: Sewer.

You collected 393 gold pieces.

Inventory:

Hand Weapons
 a - a +1 war axe (weapon)
Armour
 c - a +1 shield (worn)
 g - a +0 chain mail (worn)
Jewellery
 v - a +3 ring of intelligence (left hand)
Scrolls
 b - 2 scrolls of identify
 i - 3 scrolls of random uselessness
 n - 3 scrolls of remove curse
 o - 4 scrolls of fog
 p - 2 scrolls of enchant weapon
 q - 3 scrolls of teleportation
 u - 3 scrolls of magic mapping
Potions
 d - a potion of might
 e - 3 potions of heal wounds {unknown}
 k - 2 potions of lignification
 l - 3 potions of flight {unknown}
 m - a potion of degeneration {unknown}
 r - a potion of brilliance {unknown}
 s - 2 potions of magic {unknown}
 t - 2 potions of curing
Comestibles
 f - 9 bread rations
 h - 4 fruits
 j - 4 meat rations
 w - 7 chunks of flesh


   Skills:
 + Level 7.1 Fighting
 + Level 10.2 Axes
 + Level 6.9 Armour
 + Level 2.2 Dodging
 + Level 0.8 Stealth
 + Level 6.9 Shields


You had 8 spell levels left.
You didn't know any spells.

Dungeon Overview and Level Annotations

Branches:
Dungeon (7/15)             Temple (1/1) D:6

Altars:
Ashenzari
Cheibriados
Dithmenos
Elyvilon
Fedhas
Gozag
Hepliaklqana
Kikubaaqudgha
Makhleb
Okawaru
Qazlal
Ru
Trog
Vehumet
Xom
Zin
The Shining One

Shops:
D:4 (


Innate Abilities, Weirdness & Mutations

You reflexively headbutt those who attack you in melee.
You have a pair of horns on your head.


Message History

The hound is severely wounded.
The hound barely misses you. You furiously retaliate!
You headbutt the hound. You block the hound's attack.
You completely miss the hound.
The hound is severely wounded.
The hound bites you.
You slash the hound!
You kill the hound!
The hornet stings you!
* * * LOW HITPOINT WARNING * * *
You feel yourself slow down.
You barely miss the hornet. Your headbutt misses the hornet.
You feel yourself speed up. You block the hornet's attack. x2
You hit the hornet but do no damage.
You headbutt the hornet, but do no damage.
The hornet stings you!
* * * LOW HITPOINT WARNING * * *
You feel yourself slow down. The hornet stings you.
You die...

##############
#.....(.(.)..#
#.##########.#
#.# #.#.#.. #
#># #.#.#.#
#####.######
#.#.#.#
............#
#.#...
#####.#####.#
#.#..# # #.#
#@#..# #.#
#.####y#..#####
#.#
#..(...........
#..
........#..#....
### #########..#
# ..# ... ..#.
#....


You could see a hornet.

Vanquished Creatures
  Prince Ribbit (D:7)
  Menkaure (D:4)
  A water moccasin (D:6)
  An orc warrior (D:6)
  A necrophage (D:6)
  2 sky beasts (D:5)
  An ogre (D:5)
  A phantom (D:5)
  A centaur (D:7)
  4 big kobolds (Sewer)
  A wyvern zombie (D:6)
  A howler monkey (D:5)
  A bullfrog zombie (D:5)
  A crimson imp (D:6)
  A jelly (D:7)
  A centaur skeleton (D:4)
  3 hounds
  2 orc priests
  2 iguanas
  Terence (D:2)
  An orc wizard (D:6)
  4 worker ants
  Natasha (thrice) (D:4)
  2 hound skeletons (D:5)
  A worker ant zombie (D:5)
  15 adders
  A howler monkey skeleton (D:5)
  A river rat (Sewer)
  4 oozes
  An adder skeleton (D:5)
  7 worms
  4 dart slugs
  6 leopard geckos
  7 orcs
  13 giant cockroaches
  6 goblins
  10 hobgoblins
  8 jackals
  4 quokkas
  4 ball pythons
  8 bats
  7 frilled lizards
  A jackal zombie (D:5)
  14 kobolds
  A quokka zombie (D:5)
  13 rats
174 creatures vanquished.

Notes
Turn   | Place    | Note
-------+----------+-------------------------------------------
     0 | D:1      | Inectha the Minotaur Fighter began the quest for the Orb.
     0 | D:1      | Reached XP level 1. HP: 19/19 MP: 0/0
    69 | D:1      | Reached XP level 2. HP: 27/27 MP: 1/1
   437 | D:1      | Found a burning altar of Makhleb.
   506 | D:1      | Reached skill level 3 in Axes
   506 | D:1      | Reached XP level 3. HP: 33/33 MP: 2/2
   520 | D:1      | Found a glowing golden altar of the Shining One.
   532 | D:1      | Became a worshipper of the Shining One
   747 | D:2      | Reached XP level 4. HP: 30/40 MP: 3/3
  1028 | D:2      | Noticed Terence
  1033 | D:2      | Killed Terence
  1037 | D:2      | Found a bloodstained altar of Trog.
  1484 | D:3      | Reached skill level 4 in Axes
  1484 | D:3      | Reached XP level 5. HP: 44/47 MP: 4/4
  1641 | D:3      | Found a hazy altar of Hepliaklqana.
  1802 | D:3      | Reached * piety under the Shining One
  1849 | D:4      | Reached skill level 5 in Fighting
  1868 | D:4      | Noticed Menkaure
  1872 | D:4      | Killed Menkaure
  1872 | D:4      | Reached skill level 5 in Axes
  1872 | D:4      | Reached XP level 6. HP: 16/56 MP: 5/5
  2197 | D:4      | Reached skill level 1 in Dodging
  2453 | D:4      | Noticed Natasha
  2456 | D:4      | Killed Natasha
  2486 | D:4      | Noticed Natasha
  2492 | D:4      | Killed Natasha
  2492 | D:4      | Reached skill level 5 in Shields
  2523 | D:4      | Found Ceceeve's Weapon Shop.
  2668 | D:4      | Noticed Natasha
  2675 | D:4      | Killed Natasha
  2763 | D:4      | Reached skill level 6 in Axes
  2850 | D:5      | Entered Level 5 of the Dungeon
  2931 | D:5      | Reached XP level 7. HP: 59/62 MP: 6/6
  2943 | D:5      | Reached skill level 5 in Armour
  3018 | D:5      | Got a smoking falchion
  3026 | D:5      | Identified the cursed +0 falchion "Setaodgha" {slice, rC++ Str+3} (You found it on level 5 of the Dungeon)
  3106 | D:5      | Reached ** piety under the Shining One
  3126 | D:5      | Reached skill level 7 in Axes
  3376 | D:5      | Reached XP level 8. HP: 64/70 MP: 7/7
  3493 | D:6      | Reached skill level 8 in Axes
  3874 | D:6      | Found an iron altar of Okawaru.
  3889 | D:6      | Found a staircase to the Ecumenical Temple.
  3898 | Temple   | Entered the Ecumenical Temple
  4157 | D:6      | Found a glowing drain.
  4166 | Sewer    | Entered a sewer
  4210 | Sewer    | Reached skill level 9 in Axes
  5053 | D:7      | Noticed Prince Ribbit
  5070 | D:7      | Killed Prince Ribbit
  5070 | D:7      | Reached XP level 9. HP: 53/79 MP: 8/8
  5079 | D:7      | Reached skill level 10 in Axes
  5169 | D:7      | HP: 2/79 [hornet (15)]
  5169 | D:7      | Slain by a hornet

Vault maps used:
D:1:      sevenhm_arrival_forest_fort_small_6, tso_altar
D:2:      first_bread, bloody_trog, uniq_terence
D:3:      lemuel_round_altar
D:4:      serial_shops, shop_statue, uniq_menkaure, uniq_natasha
D:5:      kennysheep_generic_room_4
D:6:      minmay_temple_entry_poolview, gup_sewer_entry_pipe, basic_altar
D:7:      kennysheep_steamy, serial_shops, nicolae_shop_stone,
          uniq_prince_ribbit1
Temple:   regret_index_temple_sphere_string
Sewer:    sewer_co_tree

Skill      XL: |  1  2  3  4  5  6  7  8  9 |
---------------+----------------------------+-----
Shields        | 4 5 6 |  6.9
Fighting       | 4 5 6 7 |  7.1
Armour         | 4 5 6 |  6.9
Axes           | 3 4 5 6 7 9 10 | 10.2
Dodging        | 1 2 |  2.2
Stealth        | |  0.8

Action                   |  1- 3 |  4- 6 |  7- 9 || total
-------------------------+-------+-------+-------++-------
Melee: War axe           |    93 |   118 |   237 ||   448
       Headbutt          |     7 |    16 |    31 ||    54
  Use: Scroll            |     6 |       |     9 ||    15
       Potion            |     1 |       |       ||     1
  Eat: Meat ration       |       |     1 |       ||     1
       Chunk             |       |     1 |     3 ||     4
       Royal jelly       |       |       |     3 ||     3
Armor: Scale mail        |    33 |    40 |     6 ||    79
       Chain mail        |       |       |    64 ||    64
Dodge: Dodged            |    34 |    30 |    45 ||   109
Block: Shield            |    54 |    51 |   126 ||   231

Table legend:
 A = Spawn XP
 B = Non-spawn XP
 C = Spawn XP percentage of total XP
 D = Spawn monster count
 E = Non-spawn monster count
 F = Spawn count percentage of total count
 G = Total turns spent on level
                    A         B        C        D         E        F      G
               +---------+---------+-------+---------+---------+-------+---------
         Total |       0 |    3306 |   0.0 |       0 |     174 |   0.0 |  5169
               +---------+---------+-------+---------+---------+-------+---------
           D:1 |       0 |      45 |   0.0 |       0 |      24 |   0.0 |   551
           D:2 |       0 |     131 |   0.0 |       0 |      30 |   0.0 |   852
           D:3 |       0 |      79 |   0.0 |       0 |      20 |   0.0 |   437
           D:4 |       0 |     458 |   0.0 |       0 |      16 |   0.0 |  1010
           D:5 |       0 |     815 |   0.0 |       0 |      24 |   0.0 |   606
           D:6 |       0 |     732 |   0.0 |       0 |      21 |   0.0 |   877
           D:7 |       0 |     530 |   0.0 |       0 |      11 |   0.0 |   163
         Sewer |       0 |     516 |   0.0 |       0 |      28 |   0.0 |   514
               +---------+---------+-------+---------+---------+-------+---------
